 Dungeon Crawl Stone Soup version 0.19-a0-1127-gac58878 (webtiles) character file.

275 Gorice the Slasher (level 6, -7/47 HPs)
             Began as a Demonspawn Chaos Knight on Aug 12, 2016.
             Mangled by a small abomination (15 damage)
             ... summoned by the capriciousness of Xom
             ... on level 4 of the Dungeon.
             The game lasted 00:11:07 (3012 turns).

Gorice the Slasher (Demonspawn Chaos Knight)        Turns: 3012, Time: 00:11:07

Health: -7/47      AC:  6    Str: 15    XL:     6   Next: 3%
Magic:  6/6        EV: 11    Int: 13    God:    Xom [..*...]
Gold:   186        SH:  0    Dex: 12    Spells: 0 memorised, 5 levels left

rFire  . . .     SeeInvis .     a - +0 falchion (chaos)
rCold  . . .     Gourm    .     b - +2 leather armour
rNeg   . . .     Faith    .     (no shield)
rPois  +         Spirit   .     (helmet restricted)
rElec  .         Dismiss  +     l - +0 cloak
rCorr  .         Reflect  .     (no gloves)
SustAt .         Harm     .     (no boots)
MR     .....                    f - amulet of dismissal
Stlth  ++........               y - ring of poison resistance
                                k - ring of stealth

@: drained
A: antennae 2, hooves 2
a: Renounce Religion


You were on level 4 of the Dungeon.
You worshipped Xom.
You were a toy of Xom.
You were hungry.

You visited 2 branches of the dungeon, and saw 5 of its levels.

You collected 186 gold pieces.

Inventory:

Hand Weapons
 a - a +0 falchion of chaos (weapon)
 p - a +2 dagger of flaming
   (You took it off a goblin on level 2 of the Dungeon)
Missiles
 e - 15 sling bullets
 m - 15 bolts
 Z - 130 stones (quivered)
Armour
 b - a +2 leather armour (worn)
 l - a +0 cloak (worn)
 r - a +0 scale mail
 u - a +0 plate armour
Jewellery
 f - an amulet of dismissal (around neck)
 k - a ring of stealth (left hand)
 y - a ring of poison resistance (right hand)
Wands
 z - a wand of random effects (12/48)
Scrolls
 d - a scroll of identify
 h - 4 scrolls of teleportation {!r}
 i - a scroll of enchant weapon {unknown}
Potions
 j - 2 potions of curing
 n - 2 potions of heal wounds {!q}
 o - a potion of agility {unknown}
 q - a potion of magic {unknown}
 w - a potion of brilliance {unknown}
 x - a potion of mutation {unknown}
Comestibles
 c - 2 bread rations {!e}
 g - 2 meat rations {!e}
 s - a slice of pizza
 t - a beef jerky


   Skills:
 - Level 3.0(2.7) Fighting
 + Level 6.1(5.8) Long Blades
 - Level 1.7(1.4) Armour
 - Level 1.1(0.9) Dodging


You had 5 spell levels left.
You didn't know any spells.

Dungeon Overview and Level Annotations

Branches:
Dungeon (4/15)             Temple (1/1) D:4

Altars:
Ashenzari
Cheibriados
Dithmenos
Elyvilon
Fedhas
Gozag
Kikubaaqudgha
Makhleb
Nemelex Xobeh
Pakellas
Qazlal
Trog
Uskayaw
Vehumet
Xom
Yredelemnul
Zin
The Shining One

Annotations:
D:4 exclusion: ogre


Innate Abilities, Weirdness & Mutations

You have a pair of antennae on your head.
You have hoof-like feet.


Message History

* * * LOW HITPOINT WARNING * * *
Damage: 4 (max 4) Unknown command.
You hit the giant frog skeleton.
The giant frog skeleton suddenly stops moving!
You kick the giant frog skeleton, but do no damage.
The giant frog skeleton is almost destroyed.
The helpless giant frog skeleton fails to defend itself.
You slash the giant frog skeleton!
You destroy the giant frog skeleton!
You have reached level 6!
Your experience leads to an increase in your attributes!
Increase (S)trength, (I)ntelligence, or (D)exterity?
You feel stronger.
Your demonic ancestry asserts itself...
Your feet thicken and deform.
Z - 128 stones (gained 1)
Z - 129 stones (gained 1)
Found a twisted fluorescent wand.
Z - 130 stones (gained 1)
z - a wand of random effects All of the chunks of flesh in your inventory have rotted away.
Put on which piece of jewellery? (? for menu, Esc to quit)
Okay, then.
Wear which item? (? for menu, Esc to quit)
Okay, then.
You start resting.
You are feeling hungry.
You start resting.
Xom's attention turns to you for a moment.
A chorus of moans calls out to you!
Unknown command.
The small abomination hits you! The small abomination misses you.
You riposte.
You hit the small abomination.
The small abomination seems to speed up.
Xom thinks this is hilarious!
The small abomination is lightly damaged.
Damage: 14 (max 14)
The small abomination hits you!
* * * LOW HITPOINT WARNING * * *
The small abomination hits you but does no damage.
Damage: 9 (max 14)
The small abomination hits you!
* * * LOW HITPOINT WARNING * * *
Damage: 16 (max 16)
The small abomination closely misses you.
You riposte.
You closely miss the small abomination.
The small abomination closely misses you.
The small abomination hits you but does no damage.
The small abomination hits you!
You die...

.##.#..##...#..########
....#>..#...#..####....
....................#
.####.#........######
.............#.#.# ###
.#####.........#.###.#
#..####.........#+##
#####..####...#.#......#
#.......x@+...+.#......#
#.......x##...###......#
#### #........##...#
#......+ ...#
#........###### #......#
...# ########## ###'####
...## #.# ....# #.#
....# #############.#
....# #.............#


You could see 2 small abominations.

Vanquished Creatures
  A giant frog skeleton (D:4)
  2 orc wizards (D:4)
  3 worker ants (D:4)
  A hound skeleton (D:4)
  2 adders
  An ooze (D:1)
  2 adder skeletons (D:4)
  2 worms
  2 dart slugs
  2 giant geckos
  10 orcs
  A giant cockroach (D:3)
  9 goblins
  4 hobgoblins
  3 quokkas
  3 ball pythons (D:2)
  4 bats
  2 giant newts
  6 kobolds
  6 rats
66 creatures vanquished.

Notes
Turn   | Place    | Note
-------+----------+-------------------------------------------
     0 | D:1      | Gorice the Demonspawn Chaos Knight began the quest for the Orb.
     0 | D:1      | Reached XP level 1. HP: 18/18 MP: 1/1
    34 | D:1      | Reached skill level 1 in Dodging
    73 | D:1      | XOM: divination: magic mapping
   173 | D:1      | Reached skill level 3 in Long Blades
   265 | D:1      | Gained mutation: You have large cloven feet. [demonic ancestry]
   265 | D:1      | Reached XP level 2. HP: 24/24 MP: 2/2
   295 | D:1      | XOM: harmless Air miscast
   542 | D:1      | XOM: divination: magic mapping
   554 | D:1      | XOM: divination: magic mapping
   607 | D:1      | XOM: silly message
   756 | D:2      | XOM: mild Summ miscast
   757 | D:2      | XOM: noise
   840 | D:2      | Reached XP level 3. HP: 27/29 MP: 3/3
  1079 | D:2      | Found a faded altar of an unknown god.
  1234 | D:3      | XOM: divination: detect items
  1271 | D:3      | Reached skill level 4 in Long Blades
  1284 | D:3      | XOM: divination: detect creatures
  1444 | D:3      | Gained mutation: You have a pair of small antennae on your head. [demonic ancestry]
  1444 | D:3      | Reached XP level 4. HP: 28/35 MP: 4/4
  1487 | D:3      | XOM: mild Divn miscast
  1817 | D:4      | XOM: smoke on damage
  1955 | D:4      | XOM: enchant monster (bad)
  1967 | D:4      | Reached skill level 5 in Long Blades
  1967 | D:4      | Gained mutation: You have a pair of antennae on your head. [demonic ancestry]
  1967 | D:4      | Reached XP level 5. HP: 41/41 MP: 5/5
  1998 | D:4      | XOM: divination: magic mapping
  2183 | D:4      | Noticed an ogre
  2268 | D:4      | Found a staircase to the Ecumenical Temple.
  2278 | Temple   | Entered the Ecumenical Temple
  2586 | D:4      | XOM: harmless Erth miscast
  2634 | D:4      | Reached skill level 6 in Long Blades
  2636 | D:4      | XOM: noise
  2811 | D:4      | XOM: medium Necr miscast
  2811 | D:4      | HP: 9/41 [something (28)]
  2840 | D:4      | XOM: harmless Tloc miscast
  2840 | D:4      | HP: 8/41 [giant frog skeleton (4)]
  2850 | D:4      | Gained mutation: You have hoof-like feet. [demonic ancestry]
  2850 | D:4      | Reached XP level 6. HP: 23/47 MP: 6/6
  3004 | D:4      | XOM: medium Summ miscast
  3008 | D:4      | HP: 7/47 [small abomination[the capriciousness of Xom] (16)]
  3012 | D:4      | Mangled by a small abomination

Vault maps used:
D:1:      dpeg_arrival_houses_and_road, serial_curves, eino_curves_04,
          eino_curves_03, minmay_pentomino_r4
D:2:      first_bread, ecumenical_altar_2, minmay_hedge_maze
D:3:      serial_forest, infiniplex_forest_zigzag_1, infiniplex_forest_end_3,
          infiniplex_forest_clump_tiny, infiniplex_forest_fountain,
          infiniplex_forest_clump_long, infiniplex_forest_lined_2,
          infiniplex_forest_lined_ring, infiniplex_forest_clump_tiny,
          infiniplex_forest_lined_3
D:4:      grunt_temple_overflow_diamond, minmay_misc_feat_room
Temple:   dpeg_five_rooms_temple

Skill      XL: |  1  2  3  4  5 |
---------------+----------------+-----
Dodging        | 1 |  1.1
Long Blades    | 3 4 5 6 |  6.1
Fighting       | |  3.0
Armour         | |  1.7

Action                   |  1- 3 |  4- 6 || total
-------------------------+-------+-------++-------
Melee: Falchion          |   118 |   129 ||   247
       Kick              |    25 |    30 ||    55
Throw: Stone             |     8 |     6 ||    14
  Use: Scroll            |     4 |     4 ||     8
       Potion            |       |     1 ||     1
 Stab: Petrifying        |     1 |       ||     1
       Sleeping          |     1 |     1 ||     2
       Paralysed         |       |     1 ||     1
  Eat: Chunk             |     2 |     4 ||     6
Armor: Leather armour    |    33 |    30 ||    63
Dodge: Dodged            |    51 |    56 ||   107

Table legend:
 A = Turns spent in this place as a percentage of turns spent in the entire game.
 B = Non-inter-level travel turns spent in this place as a percentage of non-inter-level travel turns spent in the entire game.
 C = Inter-level travel turns spent in this place as a percentage of turns spent in this place.
 D = Turns resting spent in this place as a percentage of non-inter-level travel turns spent in this place.
 E = Turns spent auto-exploring this place as a percentage of non-inter-level travel turns spent in this place.
 F = Non-inter-level travel turns spent in this place divided by the number of levels of this place that you've seen.
                   A       B       C       D       E      F
               +-------+-------+-------+-------+-------+----------------------
         Total | 100.0 | 100.0 |   0.5 |   1.9 |  10.4 | 185.0
       Dungeon |  97.4 |  97.5 |   0.4 |   2.0 |   9.0 | 225.5
        Temple |   2.6 |   2.5 |   4.2 |   0.0 |  65.2 |  23.0
               +-------+-------+-------+-------+-------+----------------------

Vault maps used:
D:1:      dpeg_arrival_houses_and_road, serial_curves, eino_curves_04,
          eino_curves_03, minmay_pentomino_r4
D:2:      first_bread, ecumenical_altar_2, minmay_hedge_maze
D:3:      serial_forest, infiniplex_forest_zigzag_1, infiniplex_forest_end_3,
          infiniplex_forest_clump_tiny, infiniplex_forest_fountain,
          infiniplex_forest_clump_long, infiniplex_forest_lined_2,
          infiniplex_forest_lined_ring, infiniplex_forest_clump_tiny,
          infiniplex_forest_lined_3
D:4:      grunt_temple_overflow_diamond, minmay_misc_feat_room
Temple:   dpeg_five_rooms_temple
